 Dungeon Crawl Stone Soup version 0.29-a0-1027-gcd8c55af63 (webtiles) character file.

Game seed: 10873671223069691245

212 ytrimaz the Insei (level 5, -4/49 HPs)
             Began as an Octopode Transmuter on Aug 12, 2022.
             Slain by a hell rat (14 damage)
             ... in a sewer.
             The game lasted 00:03:35 (4106 turns).

ytrimaz the Insei (Octopode Transmuter)             Turns: 4106, Time: 00:03:37

Health: -4/49      AC: 22    Str:  9    XL:     5   Next: 90%
Magic:  8/8        EV:  2    Int: 18    God:
Gold:   85         SH:  0    Dex: 12    Spells: 2/8 levels left

rFire   . . .      SeeInvis .     - Unarmed
rCold   . . .      Faith    .   (no shield)
rNeg    . . .      Spirit   .   (helmet currently unavailable)
rPois   +          Reflect  .   (no amulet)
rElec   .          Harm     .   (no ring)
rCorr   .          Rampage  .   (no ring)
Will    .....      NoTele   +   (no ring)
Stlth   +.........              (no ring)
HPRegen 0.16/turn               (no ring)
MPRegen 0.11/turn               (no ring)
                                (no ring)
                                (no ring)

@: tree-form
A: stationary, stasis, torment immunity, boosted hp, almost no armour,
(amphibious), 8 rings, (camouflage 1), (gelatinous body 1), (nimble swimmer 1),
(tentacles)
a: no special abilities


You were in a sewer.
You were a tree.
You visited 1 branch of the dungeon, and saw 3 of its levels.
You also visited: Sewer.

You collected 129 gold pieces.
You spent 44 gold pieces at shops.

Inventory:

Wands
 k - a wand of charming (10)
Scrolls
 b - 2 scrolls of fear
 i - 2 scrolls of enchant armour {unknown}
 j - a scroll of magic mapping {unknown}
 l - 2 scrolls of teleportation
 m - a scroll of butterflies {unknown}
Potions
 c - a potion of attraction
 d - a potion of invisibility {unknown}
 e - a potion of curing {unknown}
 f - 3 potions of brilliance
 g - a potion of flight {unknown}
 h - a potion of mutation {unknown}


   Skills:
 - Level 1.0 Fighting
 - Level 2.0 Dodging
 + Level 5.7 Unarmed Combat
 - Level 2.0 Spellcasting
 - Level 3.0 Transmutations
 * Level 1.5 Poison Magic


You had 2 spell levels left.
You knew the following spells:

 Your Spells              Type           Power      Damage    Failure   Level
a - Beastly Appendage     Tmut           24%        N/A       5%          1
b - Wereblood             Tmut           12%        N/A       8%          2
c - Spider Form           Tmut/Pois      10%        N/A       22%         3

Your spell library contained the following spells:

 Spells                   Type           Power      Damage    Failure   Level
 Dazzling Flash           Conj/Hex       2%         N/A       47%         3
 Ice Form                 Ice/Tmut       7%         N/A       67%         4
 Olgreb's Toxic Radiance  Pois           7%         N/A       67%         4
 Agony                    Necr           1%         N/A       99%         5
 Silence                  Hex/Air        0%         N/A       99%         5
 Ozocubu's Refrigeration  Ice            0%         4d7       100%        7
 Ignition                 Fire           0%         3d3       100%        8


Dungeon Overview and Level Annotations

Branches:
Dungeon (3/15)              Sewer (1/1)

Altars:
Dithmenos

Shops:
D:2 :*


Innate Abilities, Weirdness & Mutations

You are a tree.
Your roots penetrate the ground, keeping you stationary.
You cannot be teleported.
You are immune to unholy pain and torment.
Your maximum health is greatly increased.
You cannot wear most types of armour.
((You are amphibious.))
You can wear up to eight rings at the same time.
((Your skin changes colour to match your surroundings (Stealth+).))
((Your rubbery body absorbs attacks. (AC +1, EV +1)))
((You are camouflaged when in or above water. (Stealth+)))
((You have tentacles for arms and can constrict up to eight enemies at once.))


Message History

Found a white potion and 2 scrolls of identify.
There is an open door here.
You tentacle-slap the hell rat. You grab the hell rat.
The hell rat is lightly wounded.
You constrict the hell rat, but do no damage.
You tentacle-slap the hell rat but do no damage.
The hell rat is lightly wounded.
You constrict the hell rat, but do no damage.
The hell rat closely misses you.
You tentacle-slap the hell rat but do no damage.
You squeeze the hell rat.
The hell rat is heavily wounded.
You constrict the hell rat, but do no damage.
The hell rat bites you!
The hell rat splashes around in the water.
You tentacle-slap the hell rat but do no damage.
The hell rat is heavily wounded.
You constrict the hell rat. The hell rat bites you!
* * * LOW HITPOINT WARNING * * *
You tentacle-slap the hell rat but do no damage.
The hell rat is heavily wounded.
You constrict the hell rat. The hell rat bites you.
* * * LOW HITPOINT WARNING * * *
Unknown command.
You tentacle-slap the hell rat but do no damage.
The hell rat is severely wounded.
You constrict the hell rat, but do no damage.
The hell rat barely misses you.
Unknown command.
Really quaff the potion of lignification?
You turn into a tree.
Your roots penetrate the ground.
You lose your grip on the hell rat.
The hell rat completely misses you.
Unknown command.
You hit the hell rat.
The hell rat is severely wounded.
The hell rat bites you but does no damage.
You hit the hell rat but do no damage.
The hell rat is severely wounded.
The hell rat bites you!
You die...

###..~###
#~~~~~.~#
##..~~~~.##
#~~~###..~#
##..##.##~~##
#..~#..~#..÷#
#~.##~~?##÷÷#
#†.#.~~!?#~÷#
#~~♣r~~)∩#∩∩#
#~†#~~~!?#~~#
#~~##~~!##~.#
#.~. ~~~#~.~#
##~.# .##~~##
#~.~ ##.~.
##.~~ .~~#
.~..~r~ ##~~


You could see a hell rat.

Vanquished Creatures
  A gnoll (D:2)
  7 adders
  4 river rats (Sewer)
  2 worms
  3 dart slugs
  An orc (D:3)
  8 ball pythons
  4 bats
  5 endoplasms
  3 giant cockroaches
  4 goblins
  5 hobgoblins
  6 jackals (D:2)
  4 kobolds
  5 quokkas
  2 frilled lizards (D:1)
  14 rats
78 creatures vanquished.

Vanquished Creatures (collateral kills)
  2 gnolls (D:2)
2 creatures vanquished.

Vanquished Creatures (others)
  5 plants (D:2)
5 creatures vanquished.

Grand Total: 85 creatures vanquished

Notes
Turn   | Place    | Note
-------+----------+-------------------------------------------
     0 | D:1      | ytrimaz the Octopode Transmuter began the quest for the
                  | Orb.
     0 | D:1      | Reached XP level 1. HP: 13/13 MP: 3/3
     6 | D:1      | Found a faded altar of an unknown god.
   157 | D:1      | Reached XP level 2. HP: 4/18 MP: 5/5
  1107 | D:1      | Reached XP level 3. HP: 12/23 MP: 6/6
  1323 | D:1      | Reached skill level 4 in Unarmed Combat
  1816 | D:2      | Found Witan's Assorted Antiques.
  1829 | D:2      | Bought 2 scrolls labelled COETAI IDESM for 44 gold pieces
  2297 | D:2      | Reached XP level 4. HP: 13/28 MP: 7/7
  2673 | D:2      | Reached skill level 5 in Unarmed Combat
  2680 | D:2      | Learned a level 2 spell: Wereblood
  2684 | D:2      | Learned a level 3 spell: Spider Form
  2734 | D:2      | Reached XP level 5. HP: 29/33 MP: 8/8
  3022 | D:2      | Found Jioketh's Book Shop.
  3405 | D:3      | Found a shadowy altar of Dithmenos.
  3562 | D:3      | Reached skill level 1 in Poison Magic
  3578 | D:3      | Found a glowing drain.
  3855 | Sewer    | Entered a sewer
  4106 | Sewer    | Slain by a hell rat

Illustrated notes

Levels and vault maps discovered:
D:1:      scummos_arrival_simple_crosswalls, layout_basic,
          ebering_ecumenical_altar_box, supply_closet_lemuel
D:2:      layout_loops_ring, serial_shops, nicolae_shop_overgrown_old_shop,
          shop, minmay_tromino_v4_a
D:3:      layout_loops_cross, nicolae_dithmenos_shadow_blocks,
          gup_sewer_entry_bubbles, ebering_ghost_reflecting_pool, st_stairs_5
Sewer:    sewer_hellmonk_bad_rat

Skill      XL: |  1  2  3  4  5 |
---------------+----------------+-----
Unarmed Combat | 4 5 |  5.7
Transmutations | 3 |  3.0
Poison Magic   | 1 |  1.5
Fighting       | |  1.0
Dodging        | |  2.0
Spellcasting   | |  2.0

Action                   |  1- 3 |  4- 6 || total
-------------------------+-------+-------++-------
Melee: Unarmed           |    85 |    96 ||   181
       Tentacles         |    19 |    21 ||    40
       Constrict         |    22 |    23 ||    45
       Kick              |    11 |    15 ||    26
       Punch             |     2 |       ||     2
 Cast: Beastly Appendage |    12 |    13 ||    25
       Spider Form       |       |     1 ||     1
       Wereblood         |       |     1 ||     1
  Use: Scroll            |     4 |     4 ||     8
       Potion            |       |     2 ||     2
 Stab: Sleeping          |     5 |     4 ||     9
Armor: Skin              |     7 |    13 ||    20
Dodge: Dodged            |    59 |    58 ||   117

Table legend: (Time is in decaauts)
 A = Elapsed time spent in this place.
 B = Non-inter-level travel time spent in this place.
 C = Inter-level travel time spent in this place.
 D = Time resting spent in this place.
 E = Time spent auto-exploring this place.
 F = Levels seen in this place.
 G = Mean time per level.
                   A        B        C        D        E       F      G
               +--------+--------+--------+--------+--------+-----+--------+
         Total |   4090 |   3985 |    105 |    347 |   3062 |   4 | 1022.5 |
       Dungeon |   3842 |   3737 |    105 |    157 |   3056 |   3 | 1280.7 |
         Sewer |    248 |    248 |      0 |    190 |      6 |   1 |  248.0 |
               +--------+--------+--------+--------+--------+-----+--------+

Top non-repeatable levels by time:
     D:1: 1720 daAuts
     D:2: 1548 daAuts
     D:3: 573 daAuts
   Sewer: 248 daAuts
